 Dungeon Crawl Stone Soup version 0.22.1-2-g9c5b331 (webtiles) character file.

226 lysyklops the Sneak (level 5, 0/24 HPs)
             Began as a Spriggan Enchanter on Dec 18, 2018.
             Was an Initiate of Dithmenos.
             Killed from afar by an orc wizard (4 damage)
             ... with a magic dart
             ... on level 4 of the Dungeon.
             The game lasted 00:10:52 (3775 turns).

lysyklops the Sneak (Spriggan Enchanter)            Turns: 3775, Time: 00:10:52

Health: 0/24       AC:  2    Str:  4    XL:     5   Next: 69%
Magic:  2/11       EV: 20    Int: 18    God:    Dithmenos [......]
Gold:   127        SH:  0    Dex: 16    Spells: 5/11 levels left

rFire    + . .     SeeInvis +   l - +2 dagger (drain)
rCold    + . .     Gourm    .   (shield restricted)
rNeg     . . .     Faith    .   b - +0 robe
rPois    .         Spirit   .   (helmet restricted)
rElec    .         Reflect  .   c - scarf {rC+ rF+}
rCorr    .         Harm     .   (gloves unavailable)
MR       .....                  (boots unavailable)
Stlth    +++.......             (no amulet)
HPRegen  0.08/turn              (no ring)
MPRegen  0.12/turn              (no ring)

@: very quick
A: very small, unfitting armour, see invisible, herbivore, speed 3, slow
metabolism 2
a: Renounce Religion


You were on level 4 of the Dungeon.
You worshipped Dithmenos.
Dithmenos was noncommittal.
You were not hungry.

You visited 1 branch of the dungeon, and saw 4 of its levels.

You collected 127 gold pieces.

Inventory:

Hand Weapons
 a - a +1 dagger
 l - a +2 dagger of draining (weapon)
Armour
 b - a +0 robe (worn)
 c - a scarf of resistance (worn)
Jewellery
 n - an uncursed ring of protection from cold {unknown}
Wands
 w - a wand of iceblast (9)
Scrolls
 g - 5 scrolls of identify {unknown}
 h - a scroll of immolation {unknown}
 i - a scroll of fog {unknown}
 j - 6 scrolls of teleportation {unknown}
 o - 2 scrolls of remove curse {unknown}
 s - a scroll of noise {unknown}
 u - a scroll of magic mapping {unknown}
 v - a scroll of amnesia {unknown}
Potions
 e - a potion of magic {unknown}
 f - a potion of agility {unknown}
 k - a potion of might {unknown}
 m - a potion of heal wounds {unknown}
 p - a potion of mutation {unknown}
 q - 2 potions of resistance {unknown}
 r - a potion of brilliance {unknown}
 t - a potion of curing
Comestibles
 d - 4 rations


   Skills:
 + Level 2.6 Short Blades
 + Level 4.6 Dodging
 + Level 5.8 Stealth
 + Level 3.7 Spellcasting
 + Level 4.6 Hexes
 + Level 1.3 Ice Magic


You had 5 spell levels left.
You knew the following spells:

 Your Spells              Type           Power        Failure   Level  Hunger
a - Corona                Hex            ###....      2%          1    None
b - Ensorcelled Hibernat  Hex/Ice        ##....       7%          2    ##.....
c - Confuse               Hex            ###.....     7%          3    ###....

Your spell library contained the following spells:

 Spells                   Type           Power        Failure   Level  Hunger
 Tukima's Dance           Hex            ###.....     7%          3    ###....
 Dazzling Spray           Conj/Hex       ##....       19%         3    ###....


Dungeon Overview and Level Annotations

Branches:
Dungeon (4/15)
 Temple: D:4-7

Altars:
Dithmenos
Fedhas
Makhleb
Qazlal
Sif Muna
Uskayaw
Vehumet
Wu Jian
Xom


Innate Abilities, Weirdness & Mutations

You are very small and have problems with some larger weapons.
You are too small for most types of armour.
You have supernaturally acute eyesight. (SInv)
You are a herbivore.
You cover ground extremely quickly.
You need to consume almost no food.


Message History

The orc wizard seems less confused.
The orc wizard closely misses you.
You hit the orc wizard but do no damage.
The orc wizard is heavily wounded.
The orc wizard hits you with a dagger.
* * * LOW HITPOINT WARNING * * *
You hit the orc wizard.
The orc wizard is severely wounded.
The orc wizard closely misses you.
You hit the orc wizard but do no damage.
You drain the orc wizard!
The orc wizard is almost dead.
You closely miss the orc wizard.
The orc wizard is almost dead.
The orc wizard completely misses you. x2
You barely miss the orc wizard.
The orc wizard is almost dead.
The orc wizard closely misses you.
The orc wizard gestures at you while chanting.
The magic dart hits you!
You die...

## ##........#.#.#######...##
..
####..####.........†......##.
#.#.o..## #.....#..†#######....
#...#####..%#.....#...##..>..##
##.o.# #..####..#............(#
#.#.o...# #....#......##.#..
#.....## #...##......## #
###....# ##o....>..#..# #.#..#
#.@####...#..... #....#####o.#
#...##<....# #....)......#
#...#####...
..##...####.####...# ...
...............##...# ..
.....#..####.#....... .### #...
#.########. ##.. #.# ##.. ...


You could see 2 orc wizards.

Vanquished Creatures
  A scorpion (D:4)
  A worker ant (D:4)
  An iguana (D:4)
  A hound skeleton (D:4)
  4 adders
  A worm (D:2)
  3 dart slugs
  4 leopard geckos
  An orc (D:3)
  8 bats
  2 giant cockroaches (D:2)
  11 goblins
  3 hobgoblins
  2 jackals (D:2)
  A quokka (D:4)
  A ball python (D:2)
  6 frilled lizards
  7 kobolds
  7 rats
65 creatures vanquished.

Notes
Turn   | Place    | Note
-------+----------+-------------------------------------------
     0 | D:1      | lysyklops the Spriggan Enchanter began the quest for the
                  | Orb.
     0 | D:1      | Reached XP level 1. HP: 9/9 MP: 5/5
   479 | D:1      | Reached XP level 2. HP: 11/13 MP: 6/6
   483 | D:1      | Learned a level 2 spell: Ensorcelled Hibernation
  1620 | D:2      | Reached XP level 3. HP: 16/16 MP: 3/8
  1978 | D:2      | Found a faded altar of an unknown god.
  2009 | D:2      | Noticed a hand axe
  2010 | D:2      | Found a hide-covered altar of Uskayaw.
  2011 | D:2      | Noticed a dagger
  2082 | D:2      | Learned a level 3 spell: Confuse
  2125 | D:2      | Reached skill level 5 in Stealth
  2273 | D:2      | Reached XP level 4. HP: 16/21 MP: 9/9
  2816 | D:3      | Found a burning altar of Makhleb.
  2816 | D:3      | Noticed a green death
  2927 | D:3      | Found a shadowy altar of Dithmenos.
  2928 | D:3      | Found a shimmering altar of Xom.
  2928 | D:3      | Found a stormy altar of Qazlal.
  2929 | D:3      | Found an ornate altar of the Wu Jian Council.
  2933 | D:3      | Became a worshipper of Dithmenos the Shadowed
  3093 | D:3      | Found a deep blue altar of Sif Muna.
  3093 | D:3      | Found a blossoming altar of Fedhas.
  3230 | D:3      | Found a radiant altar of Vehumet.
  3628 | D:4      | Reached skill level 1 in Ice Magic
  3643 | D:4      | Reached XP level 5. HP: 20/24 MP: 8/11
  3775 | D:4      | Killed from afar by an orc wizard

Skill      XL: |  1  2  3  4 |
---------------+-------------+-----
Spellcasting   | 3 |  3.7
Hexes          | 4 |  4.6
Short Blades   | 2 |  2.6
Stealth        | 5 |  5.8
Dodging        | 4 |  4.6
Ice Magic      | 1 |  1.3

Action                   |  1- 3 |  4- 6 || total
-------------------------+-------+-------++-------
Melee: Dagger            |   139 |    53 ||   192
 Cast: Ensorcelled Hiber |    15 |    10 ||    25
       Confuse           |       |     3 ||     3
 Stab: Sleeping          |    12 |    16 ||    28
       Distracted        |     1 |       ||     1
  Eat: Ration            |       |     1 ||     1
Armor: Robe              |    10 |     1 ||    11
Dodge: Dodged            |    94 |    23 ||   117
